 Dungeon Crawl Stone Soup version 0.28-a0-938-gbc3f381ebc (webtiles) character file.

Game seed: 8443806028604250688

198 voltaire321 the Ducker (level 5, -15/41 HPs)
             Began as a Merfolk Gladiator on Nov 29, 2021.
             Killed by divine providence
             ... invoked by an orc priest
              (17 damage)
             ... on level 4 of the Dungeon.
             The game lasted 00:09:00 (3027 turns).

voltaire321 the Ducker (Merfolk Gladiator)          Turns: 3027, Time: 00:09:01

Health: -15/41     AC:  8    Str: 14    XL:     5   Next: 77%
Magic:  5/5        EV: 13    Int:  8    God:
Gold:   94         SH:  0    Dex: 16    Spells: 4/4 levels left

rFire   . . .      SeeInvis .   a - +0 long sword
rCold   . . .      Faith    .   (no shield)
rNeg    . . .      Spirit   .   m - +0 ring mail
rPois   .          Reflect  .   c - +0 helmet
rElec   .          Harm     .   h - scarf {shadows}
rCorr   .          Rampage  .   f - +1 pair of gloves
Will    .....                   (no boots)
Stlth   +.........              (no amulet)
HPRegen 0.13/turn               (no ring)
MPRegen 0.09/turn               (no ring)

@: no status effects
A: (nimble swimmer 2), mertail
a: no special abilities


You were on level 4 of the Dungeon.
You visited 1 branch of the dungeon, and saw 4 of its levels.

You collected 94 gold pieces.

Inventory:

Hand Weapons
 a - a +0 long sword (weapon)
Missiles
 d - 3 throwing nets (quivered)
 j - 12 poisoned darts
Armour
 c - a +0 helmet (worn)
 f - a +1 pair of gloves (worn)
 h - a scarf of shadows (worn)
 m - a +0 ring mail (worn)
Scrolls
 i - a scroll of fear
Potions
 b - a potion of degeneration {unknown}
 e - a potion of flight {unknown}
 g - a potion of curing
 n - a potion of invisibility {unknown}


   Skills:
 + Level 3.4 Fighting
 + Level 4.3 Long Blades
 + Level 3.1 Throwing
 + Level 1.1 Armour
 + Level 5.2 Dodging


You had 4 spell levels left.
You didn't know any spells.
Your spell library contained the following spells:

 Spells                   Type           Power      Damage    Failure   Level
 Sublimation of Blood     Necr           0%         N/A       80%         2
 Wereblood                Tmut           0%         N/A       80%         2
 Summon Hydra             Summ           0%         N/A       100%        7


Dungeon Overview and Level Annotations

Branches:
Dungeon (4/15)
 Temple: D:4-7

Altars:

Annotations:
D:3 Grinder


Innate Abilities, Weirdness & Mutations

((You are quick and stealthy near water. (Stealth+, EV+, Speed+++)))
Your lower body shifts to a powerful aquatic tail in water.


Message History

You completely miss something.
An orc priest comes into view. It is wielding a +0 club.
Something hits you but does no damage.
An orc comes into view. It is wielding a +0 short sword.
You bump into the rock wall.
An orc priest opens the door.
You hear some strange, mumbled words.
A puff of flame appears from out of thin air!
The puff of flame hits you.
You feel better. Something hits you but does no damage.
You hit something. Something hits you but does no damage.
An endoplasm comes into view.
The endoplasm quivers.
You hit something.
An orc wizard appears from thin air!
Reactivating autopickup.
The orc wizard casts a spell at you. You resist with some effort.
You barely miss the orc wizard.
The orc wizard is severely wounded.
The orc wizard misses you.
The orc wizard hits you but does no damage.
You closely miss the orc wizard.
The orc wizard is severely wounded.
The orc priest mumbles some strange prayers to Beogh against you.
Beogh smites you! The orc wizard closely misses you.
You hit the orc wizard.
The orc wizard is almost dead.
The orc wizard hits you but does no damage.
You hit the orc wizard.
You kill the orc wizard!
The orc priest mumbles some strange prayers to Beogh against you.
Beogh smites you!
The orc priest looks satisfied for a moment.
You see here 4 stones.
The orc barely misses you.
The orc priest mumbles some strange prayers to Beogh against you.
Beogh smites you!
* * * LOW HITPOINT WARNING * * *
The orc priest calls down the wrath of Beogh upon you.
Beogh smites you!
You die...

#.............###.#.###
#...####.>#####.......# ..#.#
#..........#o#.# ##. #...#
##'######.###.#.# #...
##.####...## #.# #.#o# ...#
#.###.....## #.###o#o# ....
##.##.......###.##..#.# ....
##.#.........##.#o..#.#######J...
...'.........+..@o.J.o....o)oo8'8
##.#.........##.#...###.#####.#.#
##.##.......###.##..# #.# .#
#.###.....## #.###.# #.# .# #.#
##...## #.# #...#.# {# ##.# ##+##
#.# ###.#.# .8 ...#####.#
#.#####.#.# ..
###...##.######.........#
#.#..........######.


You could see an orc priest, 3 orcs and an endoplasm.

Vanquished Creatures
  A scorpion (D:4)
  2 orc wizards (D:4)
  A gnoll (D:1)
  An ufetubus (D:4)
  An adder skeleton (D:4)
  A worm (D:2)
  A dart slug (D:1)
  7 orcs
  2 ball pythons
  5 endoplasms
  2 giant cockroaches
  6 goblins
  6 hobgoblins
  3 kobolds
  5 quokkas
  4 bats
  4 frilled lizards
  8 rats
60 creatures vanquished.

Notes
Turn   | Place    | Note
-------+----------+-------------------------------------------
     0 | D:1      | voltaire321 the Merfolk Gladiator began the quest for the
                  | Orb.
     0 | D:1      | Reached XP level 1. HP: 16/16 MP: 1/1
   118 | D:1      | Reached XP level 2. HP: 21/23 MP: 2/2
   567 | D:1      | Reached XP level 3. HP: 28/28 MP: 3/3
  1252 | D:2      | Found a faded altar of an unknown god.
  1700 | D:3      | Noticed Grinder
  1720 | D:2      | Reached XP level 4. HP: 31/34 MP: 4/4
  2459 | D:4      | Noticed a scorpion
  2481 | D:4      | Killed a scorpion
  2482 | D:4      | Reached skill level 5 in Dodging
  2482 | D:4      | Reached XP level 5. HP: 12/41 MP: 5/5
  2977 | D:4      | Reached skill level 1 in Armour
  3026 | D:4      | HP: 2/41 [orc priest/divine providence (13)]
  3027 | D:4      | Killed from afar by an orc priest

Illustrated notes

Levels and vault maps discovered:
D:1:      mrwooster_arrival_arrow, layout_loops_ring
D:2:      layout_rooms, shapermc_ecumenical_altar_totnotflames
D:3:      layout_loops_corners, goddamned_bats, uniq_grinder, uniq_jessica
D:4:      layout_loops_corners, jmf_multi_god_temple2,
          mainiacjoe_overflow_alcove_3

Skill      XL: |  1  2  3  4  5 |
---------------+----------------+-----
Fighting       | 3 |  3.4
Long Blades    | 4 |  4.3
Dodging        | 5 |  5.2
Throwing       | 3 |  3.1
Armour         | 1 |  1.1

Action                   |  1- 3 |  4- 6 || total
-------------------------+-------+-------++-------
Melee: Long sword        |    88 |    83 ||   171
  Use: Scroll            |     6 |     1 ||     7
       Potion            |       |     2 ||     2
 Stab: Sleeping          |     1 |       ||     1
Armor: Leather armour    |    13 |       ||    13
       Ring mail         |     8 |    34 ||    42
Dodge: Dodged            |    57 |    49 ||   106

Table legend: (Time is in decaauts)
 A = Elapsed time spent in this place.
 B = Non-inter-level travel time spent in this place.
 C = Inter-level travel time spent in this place.
 D = Time resting spent in this place.
 E = Time spent auto-exploring this place.
 F = Levels seen in this place.
 G = Mean time per level.
                   A        B        C        D        E       F      G
               +--------+--------+--------+--------+--------+-----+--------+
         Total |   3066 |   2936 |    130 |    508 |   1544 |   4 |  766.5 |
       Dungeon |   3066 |   2936 |    130 |    508 |   1544 |   4 |  766.5 |
               +--------+--------+--------+--------+--------+-----+--------+

Top non-repeatable levels by time:
     D:1: 1039 daAuts
     D:3: 776 daAuts
     D:2: 669 daAuts
     D:4: 580 daAuts
